 Dungeon Crawl Stone Soup version 0.21.1-1-g345015fe64 (webtiles) character file.

248 Gargoyl the Skirmisher (level 5, 0/45 HPs)
             Began as a Centaur Abyssal Knight on Mar 26, 2018.
             Was a Priest of Lugonu.
             Slain by a bullfrog (5 damage)
             ... in a sewer.
             The game lasted 00:06:24 (2580 turns).

Gargoyl the Skirmisher (Centaur Abyssal Knight)     Turns: 2580, Time: 00:06:24

Health: 0/45       AC: 18    Str: 14    XL:     5   Next: 86%
Magic:  7/7        EV:  1    Int: 11    God:    Lugonu [***...]
Gold:   116        SH:  0    Dex: 10    Spells: 4/4 levels left

rFire    . . .     SeeInvis .   a - +1 hand axe
rCold    + + .     Gourm    .   (no shield)
rNeg     . . .     Faith    .   b - +7 plate armour of Discretion {Regen+}
rPois    .         Spirit   .   (no helmet)
rElec    .         Reflect  .   (no cloak)
rCorr    .         Harm     .   g - +2 pair of gloves
MR       .....                  (no barding)
Stlth    ..........             r - amulet of magic regeneration
HPRegen  0.55/turn              q - ring of protection from cold
MPRegen  0.35/turn              t - ring of protection from cold

@: lethally poisoned (0 -> -2), drained, very slow
A: large, hooves 3, deformed body, speed 2, tough skin 3
a: Depart the Abyss, Bend Space, Banish, Renounce Religion


You were in a sewer.
You worshipped Lugonu.
Lugonu was most pleased with you.
You were hungry.

You visited 1 branch of the dungeon, and saw 3 of its levels.
You visited the Abyss 1 time.
You also visited: Sewer.

You collected 116 gold pieces.

Inventory:

Hand Weapons
 a - a +1 hand axe (weapon)
Armour
 b - the +7 plate armour of Discretion (worn) {Regen+}
   (You found it on level 2 of the Abyss)

   It increases your rate of regeneration.
 g - a +2 pair of gloves (worn)
Jewellery
 q - a ring of protection from cold (left hand)
 r - an amulet of magic regeneration (around neck)
 t - a ring of protection from cold (right hand)
Wands
 o - a wand of disintegration (16)
Scrolls
 e - 2 scrolls of fear
 h - a scroll of remove curse
 j - 5 scrolls of teleportation
 n - 2 scrolls of enchant armour
 s - 2 scrolls of blinking
 v - a scroll of fog
Potions
 d - 3 potions of agility
 f - a potion of invisibility {unknown}
 k - 2 potions of might
 l - 2 potions of magic
 m - 3 potions of curing
 p - a potion of resistance
 u - a potion of flight {unknown}
 w - 2 potions of haste {unknown}
Books
 i - a book of Minor Magic

   Spells                             Type                      Level
   a - Magic Dart                     Conjuration                  1
   b - Blink                          Translocation                2
   c - Call Imp                       Summoning                    2
   d - Slow                           Hexes                        2
   e - Conjure Flame                  Conjuration/Fire             3
   f - Mephitic Cloud                 Conjuration/Poison/Air       3
Comestibles
 c - 7 rations


   Skills:
 + Level 3.6(2.9) Fighting
 + Level 3.2(2.5) Axes
 * Level 2.3(1.6) Armour
 + Level 1.2(0.5) Dodging
 * Level 2.1(1.4) Unarmed Combat
 * Level 3.1(2.4) Invocations


You had 4 spell levels left.
You didn't know any spells.

Dungeon Overview and Level Annotations

Branches:
Dungeon (3/15)

Altars:


Innate Abilities, Weirdness & Mutations

You have hooves in place of feet.
Armour fits poorly on your strangely shaped body.
You cover ground very quickly.
You have extremely tough skin. (AC +3)


Message History

The bullfrog hits you but does no damage. x2
The adder bites you but does no damage.
Unknown command.
Why would you want to do that? Why would you want to do that?
Unknown command.
You hit the bullfrog.
You kill the bullfrog!
Lugonu accepts your kill.
Your base Axes skill increases to level 3!
Your plate armour of Discretion prevents you from hitting the adder.
You closely miss the bullfrog.
You feel sick. The bullfrog hits you.
* * * LOW HITPOINT WARNING * * *
The adder bites you but does no damage. The bullfrog hits you.
* * * LOW HITPOINT WARNING * * *
You feel sick. The adder bites you.
* * * LOW HITPOINT WARNING * * *
You are more poisoned.
The adder poisons you! The bullfrog hits you.
You die...

....##
.....#
+......#
.....##
#......
......#
#......
#.≈...#
#.≈.≈.##
≈≈≈≈≈≈#
#≈≈#≈≈≈#
≈≈≈≈≈≈#
#≈≈≈≈≈≈#
≈≈≈≈≈≈#
#≈≈≈≈≈≈#
≈≈≈≈≈≈#
#≈≈†@≈≈#
≈≈≈≈≈≈#
#≈≈≈FS≈#
≈≈≈≈≈≈#
#≈≈≈≈†≈#
≈≈≈≈≈≈#
#≈≈≈≈.≈#
≈≈≈.≈≈#
#≈≈≈≈.≈#
.≈?.≈≈#
#≈≈≈#≈≈#
≈≈≈≈≈##
#≈≈≈≈≈≈#
≈≈≈≈≈≈#
#≈≈≈≈≈≈#
≈≈≈≈≈≈#
#≈≈≈≈≈≈#


You could see a bullfrog and an adder.

Vanquished Creatures
  A bullfrog (Sewer)
  6 adders
  A river rat (Sewer)
  2 oozes (Sewer)
  4 worms
  A dart slug (D:2)
  3 leopard geckos (D:1)
  An orc (D:3)
  12 ball pythons
  2 bats
  3 giant cockroaches
  12 goblins
  9 hobgoblins
  4 jackals (D:1)
  15 frilled lizards
  5 kobolds
  28 rats
109 creatures vanquished.

Notes
Turn   | Place    | Note
-------+----------+-------------------------------------------
     0 | Abyss:1  | Gargoyl the Centaur Abyssal Knight began the quest for the Orb.
     0 | Abyss:1  | Reached XP level 1. HP: 19/19 MP: 2/2
    35 | Abyss:2  | Found a snail-covered altar of Cheibriados.
    82 | Abyss:2  | Noticed a small abomination
    87 | Abyss:2  | Got an encrusted plate armour
   103 | Abyss:2  | Noticed a large abomination
   103 | Abyss:2  | Noticed a neqoxec
   104 | D:1      | Escaped the Abyss
   115 | D:1      | Identified the +7 plate armour of Discretion {Regen+} (You found it on level 2 of the Abyss)
   217 | D:1      | Reached * piety under Lugonu
   220 | D:1      | Reached XP level 2. HP: 24/26 MP: 3/3
   423 | D:1      | Reached skill level 1 in Unarmed Combat
   433 | D:1      | Reached XP level 3. HP: 27/31 MP: 4/4
  1025 | D:2      | Reached ** piety under Lugonu
  1186 | D:2      | Reached skill level 1 in Dodging
  1329 | D:2      | Reached XP level 4. HP: 38/38 MP: 5/5
  1857 | D:3      | Found a faded altar of an unknown god.
  2348 | D:3      | Found a glowing drain.
  2358 | Sewer    | Entered a sewer
  2429 | Sewer    | Reached *** piety under Lugonu
  2446 | Sewer    | Reached XP level 5. HP: 39/45 MP: 7/7
  2580 | Sewer    | Slain by a bullfrog

Skill      XL: |  1  2  3  4  5 |
---------------+----------------+-----
Unarmed Combat | 1 2 |  2.1
Axes           | 2 3 |  3.2
Dodging        | 1 |  1.2
Armour         | 2 |  2.3
Invocations    | 3 |  3.1
Fighting       | |  3.6

Action                   |  1- 3 |  4- 6 || total
-------------------------+-------+-------++-------
Melee: Hand axe          |    96 |   121 ||   217
       Kick              |    18 |    23 ||    41
Invok: Depart the Abyss  |     1 |       ||     1
  Use: Scroll            |     6 |     9 ||    15
  Eat: Chunk             |       |     3 ||     3
Armor: Plate armour      |   100 |   190 ||   290
Dodge: Dodged            |     9 |     8 ||    17
